 Dungeon Crawl Stone Soup version 0.30-a0-793-g160f7cfddd (webtiles) character file.

Game seed: 12024317091694157827

4 holysushi the Cutter (level 1, 14/14 HPs)
             Began as a Kobold Monk on Feb 19, 2023.
             Quit the game on level 1 of the Dungeon.
             The game lasted 00:00:29 (144 turns).

holysushi the Cutter (Kobold Monk)                   Turns: 144, Time: 00:00:30

Health: 14/14      AC:  2    Str:  8    XL:     1   Next: 66%
Magic:  1/1        EV: 16    Int: 11    God:
Gold:   27         SH:  0    Dex: 17    Spells: 0/0 levels left

rFire   . . .      SeeInvis .    a - +0 short sword
rCold   . . .      Faith    .    (no shield)
rNeg    . . .      Spirit   .    b - +0 robe
rPois   .          Reflect  .    (no helmet)
rElec   .          Harm     .    (no cloak)
rCorr   .          Rampage  .    (no gloves)
Will    .....                    (no boots)
Stlth   +++                      (no amulet)
HPRegen 0.22/turn                (no ring)
MPRegen 0.07/turn                (no ring)

@: no status effects
A: small, no large weapons, nightstalker 3
a: no special abilities


You were on level 1 of the Dungeon.
You visited 1 branch of the dungeon, and saw 1 of its levels.

You collected 27 gold pieces.

Inventory:

Hand Weapons
 a - a +0 short sword (weapon)
Armour
 b - a +0 robe (worn)
Scrolls
 d - a scroll of teleportation {unknown}
Potions
 c - a potion of ambrosia


   Skills:
 - Level 3.2 Fighting
 + Level 4.4 Short Blades
 - Level 3.6 Dodging
 - Level 2.6 Stealth


You couldn't memorise any spells.
You didn't know any spells.
Your spell library was empty.

Dungeon Overview and Level Annotations

Branches:
Dungeon (1/15) Zot: 5857

Altars:


Innate Abilities, Weirdness & Mutations

You are small and have problems with some larger weapons.
You are completely attuned to the shadows.


Message History

Are you sure you want to abandon this character and quit the game? (Confirm with "yes".)
Okay, then.
Unknown command.
Unknown command.
There is a staircase leading out of the dungeon here.
There is a fountain of clear blue water here.
You see here a +0 whip.
A giant cockroach comes into view.
The helpless giant cockroach fails to defend itself.
You impale the giant cockroach!!
You kill the giant cockroach!
No target in view!
You see here a giant cockroach corpse.
You now have 11 gold pieces.
You now have 27 gold pieces (gained 16).
A quokka comes into view.
A quokka is nearby!
A quokka is nearby!
A quokka is nearby!
A ball python comes into view.
The ball python hisses angrily.
You hit the quokka.
The quokka is almost dead.
The quokka closely misses you.
You hit the quokka.
You kill the quokka!
You barely miss the ball python. The ball python misses you.
The ball python completely misses you.
You hit the ball python.
You kill the ball python!
Found a stone staircase leading down.
No target in view!
There is a stone staircase leading down here.
An endoplasm comes into view.
Found a scroll labelled XISATY UTUDEL.
You see here 10 gold pieces.
An endoplasm is nearby!
An endoplasm is nearby!
An endoplasm is nearby!
Are you sure you want to abandon this character and quit the game? (Confirm with "yes".)

## ##### #. #....
## # #...# ##.##
#####...# ......
J.......###
#...#.#.
?...@.>...#
#.#.##..
.####.#.#.#
#.#.###.
#.....####.#.###.
..................
###....####.#.....
......# #.#####.
......# #.# #.
.....# #.# #. #


You could see an endoplasm (asleep).

Vanquished Creatures
  A ball python (D:1)
  A giant cockroach (D:1)
  A quokka (D:1)
3 creatures vanquished.

Notes
Turn   | Place    | Note
-------+----------+-------------------------------------------
     0 | D:1      | holysushi the Kobold Monk began the quest for the Orb.
     0 | D:1      | Reached XP level 1. HP: 14/14 MP: 1/1
   144 | D:1      | Quit the game

Illustrated notes

Levels and vault maps discovered:
D:1:      lemuel_arrival_hallway, layout_loops_ring,
          chequers_serial_rivers_large_b, minmay_splitting_lines,
          nicolae_kite_square_tiling_tiny, minmay_ruptured

Action                     || total
---------------------------++-------
  Melee: Short sword       ||     5
   Stab: Sleeping          ||     1
  Dodge: Dodged            ||     3

Table legend: (Time is in decaauts)
 A = Elapsed time spent in this place.
 B = Non-inter-level travel time spent in this place.
 C = Inter-level travel time spent in this place.
 D = Time resting spent in this place.
 E = Time spent auto-exploring this place.
 F = Levels seen in this place.
 G = Mean time per level.
                   A        B        C        D        E       F      G
               +--------+--------+--------+--------+--------+-----+--------+
         Total |    142 |    142 |      0 |      0 |    102 |   1 |  142.0 |
       Dungeon |    142 |    142 |      0 |      0 |    102 |   1 |  142.0 |
               +--------+--------+--------+--------+--------+-----+--------+

Top non-repeatable levels by time:
     D:1: 142 daAuts
